 Dungeon Crawl Stone Soup version 0.28.0-45-g0d030f2227 (webtiles) character file.

Game seed: 6527741795506505571

1058 nickcage the Arsonist (level 8, -25/44 HPs)
             Began as a Deep Elf Fire Elementalist on Apr 14, 2022.
             Killed from afar by Ijyb (32 damage)
             ... with a bolt of acid
             ... on level 5 of the Dungeon.
             The game lasted 00:18:18 (6944 turns).

nickcage the Arsonist (Deep Elf Fire Elementalist)  Turns: 6944, Time: 00:18:19

Health: -25/44     AC: -1    Str:  5    XL:     8   Next: 6%
Magic:  2/19       EV: 13    Int: 23    God:
Gold:   272        SH:  0    Dex: 15    Spells: 6/19 levels left

rFire   . . .      SeeInvis +   r - +2 dagger (elec)
rCold   . . .      Faith    .   (no shield)
rNeg    . . .      Spirit   .   a - +0 robe
rPois   .          Reflect  .   c - +0 helmet
rElec   .          Harm     .   (no cloak)
rCorr   .          Rampage  .   (no gloves)
Will    +....                   (no boots)
Stlth   ++........              (no amulet)
HPRegen 0.14/turn               u - ring of see invisible
MPRegen 0.16/turn               y - ring of willpower

@: corroded
A: no striking features
a: no special abilities


You were on level 5 of the Dungeon.
You visited 1 branch of the dungeon, and saw 6 of its levels.

You collected 352 gold pieces.
You spent 80 gold pieces at shops.

Inventory:

Hand Weapons
 b - a +0 trident
 n - a +0 war axe
 r - a +2 dagger of electrocution (weapon)
Missiles
 o - 8 poisoned darts
Armour
 a - a +0 robe (worn)
 c - a +0 helmet (worn)
 d - an orb of wrath
 j - a +2 ring mail of poison resistance
Jewellery
 u - a ring of see invisible (left hand)
 y - a ring of willpower (right hand)
Scrolls
 e - 2 scrolls of fear {unknown}
 f - 2 scrolls of fog {unknown}
 g - a scroll of magic mapping {unknown}
 k - a scroll of enchant weapon {unknown}
 l - 3 scrolls of teleportation {unknown}
 s - 2 scrolls of noise {unknown}
 t - 3 scrolls of brand weapon {unknown}
 z - a scroll of torment {unknown}
Potions
 h - a potion of haste
 i - a potion of degeneration
 m - a potion of brilliance
 p - a potion of mutation {unknown}
 q - 2 potions of flight
 v - 2 potions of might {unknown}
 w - a potion of invisibility {unknown}
 x - 3 potions of curing {unknown}


   Skills:
 * Level 2.0 Fighting
 - Level 1.6 Short Blades
 - Level 3.3 Dodging
 - Level 2.4 Stealth
 - Level 6.0 Spellcasting
 - Level 2.1 Conjurations
 - Level 2.0 Hexes
 * Level 1.7 Translocations
 + Level 8.1 Fire Magic


You had 6 spell levels left.
You knew the following spells:

 Your Spells              Type           Power      Damage    Failure   Level
a - Foxfire               Conj/Fire      100%       2x1d9     1%          1
b - Scorch                Fire           88%        2d9       1%          2
c - Conjure Flame         Conj/Fire      30%        6-21      3%          3
d - Flame Wave            Conj/Fire      30%        2d8       10%         4
e - Slow                  Hex            64%        N/A       3%          1
f - Blink                 Tloc           30%        N/A       6%          2

Your spell library contained the following spells:

 Spells                   Type           Power      Damage    Failure   Level
 Inner Flame              Hex/Fire       30%        N/A       3%          3
 Ensorcelled Hibernation  Hex/Ice        22%        N/A       9%          2
 Confusing Touch          Hex            16%        N/A       11%         3
 Gell's Gravitas          Tloc           15%        N/A       12%         3
 Teleport Other           Tloc           15%        N/A       12%         3
 Passwall                 Tmut/Erth      5%         N/A       13%         2
 Swiftness                Air            6%         N/A       26%         3
 Vampiric Draining        Necr           6%         2d6       26%         3
 Manifold Assault         Tloc           15%        N/A       75%         5
 Dispersal                Tloc           7%         N/A       99%         6
 Storm Form               Tmut/Air       3%         N/A       100%        7


Dungeon Overview and Level Annotations

Branches:
Dungeon (6/15)
 Temple: D:4-7

Altars:

Shops:
D:2 ![==   D:4 ?

Annotations:
D:5 Ijyb


Message History

You kill the orc!
You hear a shout! x2; You hear an angry buzzing noise.
You hear a bark!
Flames lash the orc priest.
The orc priest is moderately wounded.
The orc priest's fire resistance burns away.
You hear a bark!
You hear a shout!
Flames lash the orc priest.
The orc priest is burned terribly!
You kill the orc priest!
You have reached level 8!
You feel clever.
Flames lash the orc wizard.
The orc wizard is moderately wounded.
The orc wizard's fire resistance burns away.
Flames lash the orc wizard.
The orc wizard is burned terribly!
You kill the orc wizard!
Your Fighting skill increases to level 2!
Your Fire Magic skill increases to level 8!
Flames lash the hound.
The hound is almost dead.
The hound's fire resistance burns away.
Flames lash the hound.
The hound is burned terribly!
You kill the hound!
Flames lash the orc.
The orc is moderately wounded.
The orc's fire resistance burns away.
You hear a shout! x3
Flames lash the orc.
The orc is burned terribly!
You kill the orc!
Ijyb the Twisted Goblin comes into view.
She is wielding a +2 dagger of venom and carrying a wand of acid (6).
Ijyb zaps a wand.
The bolt of acid hits you!!!
Ouch! That really hurt!
* * * LOW HITPOINT WARNING * * *
The acid corrodes you!
Casting: Scorch (safe; 1% risk of failure)
Confirm with . or Enter, or press ? or * to list all spells.
Okay, then.
Ijyb zaps a wand.
The bolt of acid misses you.
Ijyb zaps a wand.
The bolt of acid hits you!!
Ouch! That really hurt!
You die...

###..#####)###.##
#..# ###.###.# #..#
#.......# #..#
#.#.###.# #..#
#g#.###.###.
#..###.#.........
#............###
#.####.#..##.#
#####.......@....#
#...#########.####
#.#.# #.#
#.#.#########.#
#.#.#.......#.#
#.#.#..>..).#.#
#.#.#..)....#.#
#.#.#.........#
#####.#.#.......###


You could see Ijyb.

Vanquished Creatures
  An ice beast (D:4)
  An ogre (D:5)
  A bullfrog (D:6)
  2 water moccasin skeletons
  4 orc priests
  2 centaur skeletons
  A bullfrog skeleton (D:4)
  2 hounds
  A jelly (D:4)
  2 iguanas (D:5)
  4 orc wizards
  A killer bee zombie (D:4)
  2 hound skeletons (D:4)
  7 gnolls
  7 adders
  A white imp (D:5)
  3 worms
  A dart slug (D:3)
  9 orcs
  3 ball pythons
  11 endoplasms
  A giant cockroach (D:2)
  7 goblins
  9 hobgoblins
  3 jackals (D:3)
  A quokka (D:3)
  3 bats
  2 frilled lizards
  9 kobolds
  5 rats
106 creatures vanquished.

Vanquished Creatures (others)
  26 foxfires
  5 toadstools (D:3)
31 creatures vanquished.

Grand Total: 137 creatures vanquished

Notes
Turn   | Place    | Note
-------+----------+-------------------------------------------
     0 | D:1      | nickcage the Deep Elf Fire Elementalist began the quest for
                  | the Orb.
     0 | D:1      | Reached XP level 1. HP: 10/10 MP: 6/6
   629 | D:1      | Reached XP level 2. HP: 15/15 MP: 6/8
   632 | D:1      | Learned a level 2 spell: Scorch
  1102 | D:1      | Reached skill level 4 in Fire Magic
  1409 | D:2      | Found Aqagg's Distillery.
  1502 | D:2      | Reached XP level 3. HP: 6/19 MP: 0/9
  1723 | D:2      | Reached skill level 5 in Fire Magic
  1789 | D:2      | Learned a level 3 spell: Conjure Flame
  1885 | D:2      | Bought a potion of brilliance for 56 gold pieces
  2014 | D:2      | Reached XP level 4. HP: 24/24 MP: 5/10
  2115 | D:2      | Found Mablaeb's Armour Boutique.
  2130 | D:2      | Found Heafeuno's Jewellery Shop.
  2150 | D:2      | Found a faded altar of an unknown god.
  2532 | D:2      | Found Hyskeo's Jewellery Boutique.
  3693 | D:3      | Reached XP level 5. HP: 24/28 MP: 3/13
  3699 | D:3      | Learned a level 4 spell: Flame Wave
  4594 | D:4      | Reached skill level 5 in Spellcasting
  4711 | D:4      | Reached XP level 6. HP: 28/32 MP: 2/16
  5263 | D:4      | Reached skill level 6 in Fire Magic
  5273 | D:4      | Reached skill level 1 in Short Blades
  5747 | D:4      | Reached skill level 1 in Fighting
  5922 | D:4      | Found Osuojer's Magic Scroll Emporium.
  5930 | D:4      | Bought a scroll of identify for 24 gold pieces
  5937 | D:4      | Noticed an ice beast
  5944 | D:4      | Killed an ice beast
  5945 | D:4      | Reached XP level 7. HP: 38/38 MP: 7/18
  6330 | D:4      | Learned a level 1 spell: Slow
  6333 | D:4      | Learned a level 2 spell: Blink
  6376 | D:5      | Entered Level 5 of the Dungeon
  6376 | D:5      | You fall into a shaft and drop 1 floor!
  6428 | D:6      | Reached skill level 7 in Fire Magic
  6537 | D:5      | Reached skill level 1 in Hexes
  6540 | D:5      | Reached skill level 1 in Translocations
  6929 | D:5      | Reached XP level 8. HP: 44/44 MP: 11/19
  6931 | D:5      | Reached skill level 8 in Fire Magic
  6936 | D:5      | Noticed Ijyb
  6944 | D:5      | Killed from afar by Ijyb

Illustrated notes

Levels and vault maps discovered:
D:1:      onia_arrival_pyramid, layout_basic, hangedman_decor_clover_reticule,
          nicolae_concentric_dashed_squares_wild, kennysheep_minor_cross,
          minmay_pentomino_v4
D:2:      layout_basic, serial_shops, shop_statue,
          nicolae_shop_advertising_works [nicolae_subvault_shop_adworks],
          nicolae_shop_hallway_plus, shop, basic_ecumenical_altar,
          eino_tiny_chamber, minmay_distorted
D:3:      layout_loops_corners, minmay_gold_behind_fungi
D:4:      layout_loops_corners, serial_shops, shop, minmay_misc_feat_plants,
          minmay_diced_spiral
D:5:      layout_loops_ring, zin_treasury, uniq_ijyb
D:6:      layout_cave_pools, minmay_temple_entry_offerings

Skill      XL: |  1  2  3  4  5  6  7  8 |
---------------+-------------------------+-----
Fire Magic     | 4 5 6 7 8 |  8.1
Spellcasting   | 4 5 6 |  6.0
Conjurations   | 2 |  2.1
Short Blades   | 1 |  1.6
Fighting       | 1 2 |  2.0
Dodging        | 3 |  3.3
Hexes          | 2 |  2.0
Translocations | 1 |  1.7
Stealth        | |  2.4

Action                   |  1- 3 |  4- 6 |  7- 9 || total
-------------------------+-------+-------+-------++-------
Melee: Trident           |     9 |       |       ||     9
       War axe           |       |     8 |       ||     8
       Dagger            |       |    11 |       ||    11
 Cast: Foxfire           |    13 |     2 |       ||    15
       Scorch            |    20 |    88 |    43 ||   151
       Conjure Flame     |       |     2 |     2 ||     4
  Use: Scroll            |       |     3 |       ||     3
 Stab: Sleeping          |     2 |       |       ||     2
Armor: Robe              |     1 |     9 |     1 ||    11
Dodge: Dodged            |    16 |    31 |     7 ||    54
